 Dungeon Crawl Stone Soup version 0.25-b1-37-g2669288c55 (webtiles) character file.

Game seed: 7451021186404603657

324 diana the Shield-Bearer (level 6, 0/48 HPs)
             Began as a Demonspawn Fighter on June 5, 2020.
             Slain by Grinder (6 damage)
             ... on level 4 of the Dungeon.
             The game lasted 00:03:58 (3716 turns).

diana the Shield-Bearer (Demonspawn Fighter)        Turns: 3716, Time: 00:03:58

Health: 0/48       AC:  9    Str: 16 (18) XL:     6   Next: 23%
Magic:  6/6        EV:  7    Int:  7 (9)  God:
Gold:   148        SH:  9    Dex: 10 (13) Spells: 5/5 levels left

rFire    . . .     SeeInvis .   a - +0 flail
rCold    + . .     Gourm    .   c - +0 kite shield
rNeg     . . .     Faith    .   b - +0 scale mail
rPois    .         Spirit   .   (no helmet)
rElec    .         Reflect  .   (no cloak)
rCorr    .         Harm     .   (no gloves)
MR       .....     Rnd*Tele +   (no boots)
Stlth    ..........             (no amulet)
HPRegen  0.16/turn              e - ring of teleportation (curse)
MPRegen  0.10/turn              (no ring)

@: no status effects
A: talons 1, thin metallic scales 1, cold resistance 1, rot immunity, freezing
cloud immunity
a: no special abilities


You were on level 4 of the Dungeon.
You were hungry.

You visited 1 branch of the dungeon, and saw 4 of its levels.

You collected 148 gold pieces.

Inventory:

Hand Weapons
 a - a +0 flail (weapon)
Armour
 b - a +0 scale mail (worn)
 c - a +0 kite shield (worn)
Jewellery
 e - a cursed ring of teleportation (left hand)
Scrolls
 g - a scroll of enchant weapon {unknown}
 h - a scroll of enchant armour {unknown}
 l - a scroll of remove curse {unknown}
 m - 2 scrolls of identify {unknown}
 q - a scroll of teleportation {unknown}
 s - a scroll of fog {unknown}
Potions
 d - a potion of might
 i - a potion of lignification {unknown}
 j - 2 potions of cancellation {unknown}
 k - a potion of mutation {unknown}
 n - a potion of heal wounds {unknown}
 o - a potion of berserk rage {unknown}
 p - 2 potions of degeneration
 r - a potion of curing {unknown}
 t - a potion of magic {unknown}
Comestibles
 f - 7 rations
 u - 4 chunks of flesh


   Skills:
 + Level 4.0 Fighting
 + Level 3.1 Maces & Flails
 + Level 3.7 Armour
 * Level 4.5 Shields


You had 5 spell levels left.
You didn't know any spells.
Your spell library was empty.

Dungeon Overview and Level Annotations

Branches:
Dungeon (4/15)
 Temple: D:4-7

Altars:
Makhleb
Ru
Lugonu

Portals:
Abyss: D:1

Annotations:
D:4 Grinder, Natasha


Innate Abilities, Weirdness & Mutations

You have sharp toenails.
You are partially covered in thin metallic scales. (AC +2)
Your flesh is cold resistant. (rC+)
You are immune to rotting.
You are immune to freezing clouds.


Message History

Grinder blinks!
Some of the chunks of flesh in your inventory have rotted away.
Grinder completely misses you. Grinder hits you but does no damage.
You can move again.
Unknown command.
You hit Grinder.
Grinder is heavily wounded.
You block Grinder's attack.
You hit Grinder. You claw Grinder.
Grinder is severely wounded.
Grinder gestures at you. Pain shoots through your body!
* * * LOW HITPOINT WARNING * * *
Unknown command.
It was a potion of degeneration.
There was something very wrong with that liquid.
You feel weakened.
You feel dopey.
You feel clumsy. Grinder hits you.
You die...

#.# #.# #.# ##.##
######...#########
#............<...#
#.####...####.##.#
#.. #.# #.# #####
#.##5# #.. #.# #.#
#.##@# #.. ... #.#
#.##.# #.# #.# #.#
#.##.####.# #.#
..# #.##....#.#
#.# .##
#.#####.#.#####.#
.# # #.h.......#
.# ####.#
#.####h#..####. .#
#.(.
###.####.#.......
.# ###.#
........5...####.


You could see Grinder.

Vanquished Creatures
  A phantom (D:4)
  A hound (D:4)
  3 gnolls (D:2)
  8 adders
  An ooze (D:2)
  3 worms
  2 dart slugs (D:1)
  4 leopard geckos
  5 orcs (D:3)
  5 bats
  8 giant cockroaches
  8 goblins
  9 hobgoblins
  3 jackals
  A quokka (D:2)
  4 frilled lizards
  5 kobolds
  7 rats
78 creatures vanquished.

Vanquished Creatures (others)
  An adder (D:3)
  An orc (D:3)
  A rat (D:3)
3 creatures vanquished.

Grand Total: 81 creatures vanquished

Notes
Turn   | Place    | Note
-------+----------+-------------------------------------------
     0 | D:1      | diana the Demonspawn Fighter began the quest for the Orb.
     0 | D:1      | Reached XP level 1. HP: 18/18 MP: 1/1
    35 | D:1      | Noticed a demonic crawler
    35 | D:1      | Noticed a quasit
    35 | D:1      | Noticed an iron imp
    35 | D:1      | Noticed an iron imp
    36 | D:1      | Found a corrupted altar of Lugonu.
    36 | D:1      | Found a one-way gate to the infinite horrors of the Abyss.
    36 | D:1      | Noticed a quasit
    36 | D:1      | Noticed an iron imp
    36 | D:1      | Noticed a demonic crawler
    36 | D:1      | Noticed a quasit
    36 | D:1      | Noticed a quasit
    37 | D:1      | Noticed a demonic crawler
    37 | D:1      | Noticed a demonic crawler
    40 | D:1      | Noticed an iron imp
   335 | D:1      | Gained mutation: Your flesh is cold resistant. (rC+)
                  | [demonic ancestry]
   335 | D:1      | Reached XP level 2. HP: 24/24 MP: 2/2
   608 | D:1      | Gained mutation: You are immune to rotting. [demonic
                  | ancestry]
   608 | D:1      | Reached XP level 3. HP: 14/29 MP: 3/3
  1650 | D:2      | Gained mutation: You are partially covered in thin metallic
                  | scales. (AC +2) [demonic ancestry]
  1650 | D:2      | Reached XP level 4. HP: 35/35 MP: 4/4
  2112 | D:2      | Found a sacrificial altar of Ru.
  2228 | D:2      | Gained mutation: You have sharp toenails. [demonic
                  | ancestry]
  2228 | D:2      | Reached XP level 5. HP: 38/41 MP: 5/5
  3371 | D:4      | Noticed a phantom
  3449 | D:4      | Noticed Grinder
  3452 | D:4      | Killed a phantom
  3452 | D:4      | Gained mutation: You are immune to freezing clouds.
                  | [demonic ancestry]
  3452 | D:4      | Reached XP level 6. HP: 22/48 MP: 6/6
  3453 | D:4      | Noticed Natasha
  3614 | D:4      | Found a burning altar of Makhleb.
  3708 | D:4      | Paralysed by Grinder for 6 turns
  3716 | D:4      | Slain by Grinder

Illustrated notes

Levels and vault maps discovered:
D:1:      erik_arrival_cave_to_civilisation [erik_arrival_cave_to_temple],
          layout_loops_ring, st_stairs_11
D:2:      layout_loops_ring, nicolae_ru_the_path_less_chosen, first_ration
D:3:      layout_loops_ring, lemuel_flame_loot_1
D:4:      layout_loops_ring, grunt_gozag_breadcrumbs,
          minmay_temple_entry_enclosed_plants, portal_sewer_entry_f,
          roderic_lattice_a, makhleb_blood_cavern_becter, uniq_natasha,
          uniq_eustachio, uniq_grinder

Skill      XL: |  1  2  3  4  5 |
---------------+----------------+-----
Maces & Flails | 2 3 |  3.1
Shields        | 3 4 |  4.5
Armour         | 3 |  3.7
Fighting       | 4 |  4.0

Action                   |  1- 3 |  4- 6 || total
-------------------------+-------+-------++-------
Melee: Flail             |   137 |   203 ||   340
       Kick              |       |    32 ||    32
  Use: Potion            |       |     1 ||     1
  Eat: Chunk             |     3 |     6 ||     9
Armor: Scale mail        |    61 |    92 ||   153
Dodge: Dodged            |    49 |    56 ||   105
Block: Kite shield       |    87 |    82 ||   169
